 Dungeon Crawl Stone Soup version 0.31-a0-152-g6aa68a64a1 (webtiles) character file.

Game seed: 16127910678731760263

96 Conn the Sneak (level 4, -5/28 HPs)
             Began as an Octopode Fire Elementalist on June 10, 2023.
             Slain by a sleepcap (6 damage)
             ... on level 3 of the Dungeon.
             The game lasted 00:05:56 (2207 turns).

Conn the Sneak (Octopode Fire Elementalist)         Turns: 2207, Time: 00:05:56

Health: -5/28      AC:  1    Str:  7    XL:     4   Next: 67%
Magic:  7/7        EV: 10    Int: 19    God:
Gold:   118        SH:  8    Dex: 12    Spells: 2/8 levels left

rFire   . . .        k - +2 dagger (elec)
rCold   . . .        m - +1 kite shield
rNeg    . . .        (helmet restricted)
rPois   .            (no amulet)
rElec   .            l - ring of resist corrosion
rCorr   +            (no ring)
SInv    .            (no ring)
Will    .....        (no ring)
Stlth   +++          (no ring)
HPRegen 0.24/turn    (no ring)
MPRegen 0.10/turn    (no ring)
                     (no ring)

%: no passive effects
@: about to teleport, very slightly contaminated
A: almost no armour, amphibious, 8 rings, camouflage 1, gelatinous body 1,
(nimble swimmer 1), tentacles
a: no special abilities


You were on level 3 of the Dungeon.
You visited 1 branch of the dungeon, and saw 3 of its levels.

You collected 118 gold pieces.

Inventory:

Hand Weapons
 b - a +2 mace of draining
 k - a +2 dagger of electrocution (weapon)
Missiles
 i - a throwing net
 j - 2 poisoned darts
Armour
 m - a +1 kite shield (worn)
Jewellery
 l - a ring of resist corrosion (left tentacle)
Scrolls
 f - a scroll of teleportation
 g - a scroll of torment
 h - 2 scrolls of magic mapping {unknown}
Potions
 a - a potion of magic


   Skills:
 + Level 1.0 Fighting
 + Level 1.2 Maces & Flails
 + Level 2.3 Dodging
 + Level 3.8 Stealth
 * Level 0.4 Shields
 + Level 2.5 Spellcasting
 + Level 1.2 Conjurations
 + Level 3.5 Fire Magic


You had 2 spell levels left.
You knew the following spells:

 Your Spells              Type           Power      Damage    Failure   Level
a - Foxfire               Conj/Fire      44%        2x1d6     45%         1
b - Scorch                Fire           30%        2d6       43%         2
c - Inner Flame           Hex/Fire       9%         N/A       89%         3

Your spell library contained the following spells:

 Spells                   Type           Power      Damage    Failure   Level
 Freeze                   Ice            8%         1d3       80%         1
 Volatile Blastmotes      Fire/Tloc      18%        2d11      89%         3
 Hailstorm                Conj/Ice       4%         3d4       97%         3
 Frozen Ramparts          Ice            4%         1d1       99%         3
 Flame Wave               Conj/Fire      11%        2d6       99%         4


Dungeon Overview and Level Annotations

Branches:
Dungeon (3/15)

Altars:

Shops:
D:3 *


Innate Abilities, Weirdness & Mutations

You cannot wear most types of armour.
You are amphibious.
You can wear up to eight rings at the same time.
Your skin changes colour to match your surroundings (Stealth+).
Your rubbery body absorbs attacks. (AC +1, EV +1)
((You are camouflaged when in or above water. (Stealth+)))
You have tentacles for arms and can constrict up to eight enemies at once.


Message History

You hit the sleepcap but do no damage.
The sleepcap is lightly damaged.
You constrict the sleepcap, but do no damage.
The sleepcap is no longer more vulnerable to fire.
The sleepcap releases spores at you.
You are engulfed in a cloud of soporific spores!
You fall asleep.
You lose your grip on the sleepcap.
The sleepcap releases spores at you!
You wake up.
* * * LOW HITPOINT WARNING * * *
Unknown command.
Unknown command.
Unknown command.
Unknown command.
Press: ? - help, v - describe, . - travel
Here: a sleepcap (lightly damaged)
The floor.
Unknown command.
Okay, then.
Unknown command.
Magic courses through your body. You block the sleepcap's attack.
The sleepcap attacks as you move away! The sleepcap releases spores at you!
* * * LOW HITPOINT WARNING * * *
Okay, then.
Okay, then.
Casting: Scorch (quite dangerous; 43% risk of failure)
Confirm with . or Enter, or press ? or * to list all spells.
Okay, then.
Unknown command.
Unknown command.
Unknown command.
Okay, then.
Unknown command.
Okay, then.
The sleepcap attacks as you move away! The sleepcap barely misses you.
As you read the scroll labelled FOTACAQINK, it crumbles to dust.
You feel strangely unstable.
It was a scroll of teleportation.
The sleepcap closely misses you. The sleepcap attacks as you move away!
The sleepcap releases spores at you.
You die...

# ##### ..########...
...........# !...=......#
.........K.#
.......g.f.################
#+########@#...............
#.#.############## #...#
#####


You could see a sleepcap, a hobgoblin and a kobold.

Vanquished Creatures
  An orc priest (D:3)
  2 adders (D:2)
  2 dart slugs
  4 orcs
  5 bats
  3 endoplasms
  2 goblins (D:2)
  A hobgoblin (D:1)
  5 kobolds
  3 quokkas
  4 ball pythons
  5 frilled lizards
  4 rats
41 creatures vanquished.

Vanquished Creatures (collateral kills)
  A foxfire (D:1)
1 creature vanquished.

Vanquished Creatures (others)
  46 foxfires
46 creatures vanquished.

Grand Total: 88 creatures vanquished

Notes
Turn   | Place    | Note
-------+----------+-------------------------------------------
     0 | D:1      | Conn the Octopode Fire Elementalist began the quest for the
                  | Orb.
     0 | D:1      | Reached XP level 1. HP: 11/11 MP: 3/3
   226 | D:1      | Reached XP level 2. HP: 14/17 MP: 0/5
   813 | D:2      | Reached XP level 3. HP: 12/22 MP: 0/6
  1475 | D:2      | Learned a level 2 spell: Scorch
  1479 | D:2      | Learned a level 3 spell: Inner Flame
  1542 | D:2      | Reached XP level 4. HP: 25/27 MP: 7/7
  1583 | D:2      | Reached skill level 1 in Maces & Flails
  2059 | D:3      | Reached skill level 1 in Fighting
  2105 | D:3      | Found Feskin's Assorted Antiques.
  2204 | D:3      | HP: 1/28 [sleepcap (7)]
  2207 | D:3      | Slain by a sleepcap

Illustrated notes

Levels and vault maps discovered:
D:1:      nicolae_arrival_memento_mori, layout_loops_cross,
          nicolae_eternal_life, grunt_decor_clamped, dreamdust_mushroom_princess
D:2:      layout_loops_corners
D:3:      layout_basic, tgw_kikubaaqudgha, serial_shops, nicolae_shop_tiny_glass

Skill      XL: |  1  2  3  4 |
---------------+-------------+-----
Stealth        | 3 |  3.8
Maces & Flails | 1 |  1.2
Fighting       | 1 |  1.0
Dodging        | |  2.3
Shields        | |  0.4
Spellcasting   | |  2.5
Conjurations   | |  1.2
Fire Magic     | |  3.5

Action                     |  1- 3 |  4- 6 || total
---------------------------+-------+-------++-------
  Melee: Mace              |    28 |       ||    28
         Constrict         |     6 |     1 ||     7
         Tentacles         |     1 |     2 ||     3
         Dagger            |     4 |     8 ||    12
   Cast: Foxfire           |    27 |     4 ||    31
         Scorch            |       |     2 ||     2
    Use: Scroll            |       |     3 ||     3
         Potion            |       |     2 ||     2
   Stab: Sleeping          |     8 |     2 ||    10
 Armour: Skin              |     3 |     1 ||     4
  Dodge: Dodged            |    24 |     4 ||    28
  Block: Kite shield       |       |     3 ||     3

Table legend: (Time is in decaauts)
 A = Elapsed time spent in this place.
 B = Non-inter-level travel time spent in this place.
 C = Inter-level travel time spent in this place.
 D = Time resting spent in this place.
 E = Time spent auto-exploring this place.
 F = Levels seen in this place.
 G = Mean time per level.
                   A        B        C        D        E       F      G
               +--------+--------+--------+--------+--------+-----+--------+
         Total |   2217 |   2136 |     81 |      0 |   1673 |   3 |  739.0 |
       Dungeon |   2217 |   2136 |     81 |      0 |   1673 |   3 |  739.0 |
               +--------+--------+--------+--------+--------+-----+--------+

Top non-repeatable levels by time:
     D:2: 1121 daAuts
     D:1: 811 daAuts
     D:3: 284 daAuts
